 Dungeon Crawl Stone Soup version 0.31-a0-1499-ge0622b2318 (webtiles) character file.

Game seed: 2326336669730019126

2835 whatisthis the Fighter (level 9, -2/159 HPs)
             Began as an Oni Berserker on Dec 29, 2023.
             Was a Priest of Trog.
             Slain by a killer bee (4 damage)
             ... on level 6 of the Dungeon.
             The game lasted 00:13:39 (6201 turns).

whatisthis the Fighter (Oni Berserker)              Turns: 6201, Time: 00:13:40

Health: -2/159     AC:  4    Str: 27    XL:     9   Next: 73%
Magic:  9/9        EV: 10    Int:  8    God:    Trog [***...]
Gold:   296        SH:  0    Dex:  8    Spells: 8/8 levels left

rFire   . . .        y - +1 mace (venom)
rCold   . . .        g - orb {light}
rNeg    . . .        b - +0 animal skin
rPois   .            (helmet restricted)
rElec   .            p - +0 cloak
rCorr   .            (gloves unavailable)
SInv    .            (boots unavailable)
Will    ++...        (no amulet) Stlth
                     (no ring)
HPRegen 1.46/turn    (no ring)
MPRegen 0.11/turn

%: no passive effects
@: berserking, lethally poisoned (-2 -> -9), strong-willed, regenerating,
glowing, very quick
A: large, unfitting armour, horns 1, tough skin 1, double potion healing,
drunken brawling
a: Renounce Religion, Berserk, Trog's Hand


You were on level 6 of the Dungeon.
You worshipped Trog.
Trog was most pleased with you.
You visited 1 branch of the dungeon, and saw 7 of its levels.

You collected 296 gold pieces.

Inventory:

Hand Weapons
 y - a +1 mace of venom (weapon)
 D - a +0 flail
Missiles
 o - 43 stones
 v - 18 poisoned darts (quivered)
 z - 2 boomerangs
 A - a javelin
Armour
 b - a +0 animal skin (worn)
 g - an orb of light (worn)
 p - a +0 cloak (worn)
Wands
 a - a wand of polymorph (9)
 B - a wand of charming (1)
 C - a wand of quicksilver (4)
Scrolls
 d - 4 scrolls of identify {unknown}
 f - a scroll of poison {unknown}
 h - 2 scrolls of revelation {unknown}
 i - a scroll of enchant armour {unknown}
 j - 7 scrolls of teleportation {unknown}
 l - 3 scrolls of fear {unknown}
 q - 2 scrolls of amnesia {unknown}
 r - 2 scrolls of fog {unknown}
 w - a scroll of vulnerability {unknown}
 x - 2 scrolls of enchant weapon {unknown}
Potions
 c - a potion of degeneration {unknown}
 e - 4 potions of curing {unknown}
 k - 2 potions of brilliance {unknown}
 m - a potion of might {unknown}
 n - a potion of resistance {unknown}
 s - 3 potions of enlightenment {unknown}
 t - 2 potions of attraction {unknown}
 u - a potion of berserk rage {unknown}
 E - a potion of cancellation {unknown}


   Skills:
 + Level 12.2 Fighting
 + Level 9.5 Maces & Flails
 + Level 3.1 Throwing
 - Level 2.6 Dodging


You had 8 spell levels left.
You didn't know any spells.
Your spell library was empty.

Dungeon Overview and Level Annotations

Branches:
Dungeon (7/15)             Temple (0/1) D:4

Altars:
Cheibriados
Hepliaklqana
Qazlal
Uskayaw

Shops:
D:3 (   D:5 (

Annotations:
D:6 2 transporters, Azoth's ghost, novice DESu


Innate Abilities, Weirdness & Mutations

You are too large for most types of armour.
You have a pair of small horns on your head.
You have tough skin. (AC +1)
You gain doubled healing and magic from potions.
Whenever you drink a healing potion, you attack all around you.


Message History

The killer bee stings you but does no damage.
The killer bee barely misses you. x2
A red film seems to cover your vision as you go berserk!
You feel yourself moving faster!
You feel mighty!
You feel very sick. The killer bee barely misses you.
The killer bee stings you.
* * * LOW HITPOINT WARNING * * *
The killer bee stings you.
* * * LOW HITPOINT WARNING * * *
You are more poisoned.
The killer bee poisons you! The killer bee barely misses you.
You bludgeon the killer bee!!
You kill the killer bee!
Trog accepts your kill.
You feel sick.
The killer bee stings you but does no damage.
You barely miss the killer bee.
You headbutt the killer bee, but do no damage.
The killer bee is lightly wounded.
You feel very sick. The killer bee completely misses you.
You closely miss the killer bee. You headbutt the killer bee.
The killer bee is moderately wounded.
You feel very sick. The killer bee stings you.
* * * LOW HITPOINT WARNING * * *
The killer bee closely misses you.
You barely miss the killer bee. Your headbutt misses the killer bee.
The killer bee is moderately wounded.
You feel sick. The killer bee stings you.
* * * LOW HITPOINT WARNING * * *
You are lethally poisoned!
The killer bee poisons you!
Unknown command.
You barely miss the killer bee. Your headbutt misses the killer bee.
The killer bee is moderately wounded.
* * * LOW HITPOINT WARNING * * *
You feel very sick. The killer bee stings you.
You die...

#.....##).##...####..
#.....##..##...####..
########.............
#....................
#....................
#.....##..##.####..##
#.....###########..##
#.....+.......'.....#
#...@.##......#.....#
#....y##...####...###
#.....##[..####...###
#.....)>†..'.......#.
########...#.........
#...#.........
#...###+...###
#####.....##h.
#.....#8S.


You could see a killer bee.

Vanquished Creatures
  Grinder (D:5)
  A wyvern (D:6)
  Eustachio (D:4)
  A steam dragon (D:4)
  A water moccasin (D:4)
  Duvessa (D:5)
  A sky beast (D:7)
  2 ogres
  A black bear (D:5)
  2 phantoms
  A bullfrog (D:6)
  2 water moccasin zombies (D:4)
  3 scorpions
  Dowan (D:5)
  2 killer bees (D:6)
  3 hounds
  5 bombardier beetles
  2 bullfrog zombies (D:4)
  4 jellies
  4 orc priests
  4 iguanas
  2 scorpion zombies (D:4)
  Natasha (thrice) (D:2)
  4 orc wizards
  3 gnolls
  2 adders
  A ribbon worm (D:2)
  2 shadow imps
  2 ufetubi (D:6)
  An adder skeleton (D:4)
  A dart slug (D:5)
  19 orcs
  6 ball pythons
  6 bats
  8 endoplasms
  A giant cockroach (D:4)
  7 hobgoblins
  2 quokkas
  A frilled lizard (D:3)
  2 goblins (D:1)
  10 kobolds
  5 rats
131 creatures vanquished.

Vanquished Creatures (others)
  An adder (D:4)
1 creature vanquished.

Grand Total: 132 creatures vanquished

Notes
Turn   | Place    | Note
-------+----------+-------------------------------------------
     0 | D:1      | whatisthis the Oni Berserker began the quest for the Orb.
     0 | D:1      | Reached XP level 1. HP: 24/24 MP: 1/1
   187 | D:1      | Reached XP level 2. HP: 33/33 MP: 2/2
   821 | D:2      | Reached XP level 3. HP: 32/41 MP: 3/3
   906 | D:2      | Reached skill level 5 in Fighting
   986 | D:2      | Noticed Natasha
   992 | D:2      | Killed Natasha
   993 | D:2      | Reached XP level 4. HP: 50/50 MP: 4/4
   999 | D:2      | Noticed Natasha
  1026 | D:2      | Killed Natasha
  1118 | D:2      | Reached ** piety under Trog
  1222 | D:2      | Found a faded altar of an unknown god.
  1325 | D:2      | Found a hide-covered altar of Uskayaw.
  1425 | D:2      | Noticed Natasha
  1433 | D:2      | Killed Natasha
  1434 | D:2      | Reached skill level 6 in Fighting
  1434 | D:2      | Reached XP level 5. HP: 32/59 MP: 5/5
  1755 | D:3      | Found a snail-covered altar of Cheibriados.
  1896 | D:3      | Found Goedefu's Weapon Shoppe.
  2323 | D:4      | Noticed Eustachio
  2445 | D:4      | Killed Eustachio
  2446 | D:4      | Reached skill level 7 in Fighting
  2446 | D:4      | Reached skill level 5 in Maces & Flails
  2446 | D:4      | Reached XP level 6. HP: 49/71 MP: 6/6
  2578 | D:4      | Reached XP level 7. HP: 71/78 MP: 7/7
  2689 | D:4      | Found a staircase to the Ecumenical Temple.
  2798 | D:4      | Noticed a steam dragon
  2966 | D:4      | Reached skill level 8 in Fighting
  3237 | D:5      | Entered Level 5 of the Dungeon
  3247 | D:5      | Noticed Duvessa
  3247 | D:5      | Noticed Dowan
  3248 | D:5      | Killed Dowan
  3310 | D:4      | Killed a steam dragon
  3311 | D:4      | Reached skill level 9 in Fighting
  3311 | D:4      | Reached XP level 8. HP: 43/92 MP: 8/8
  3429 | D:5      | Killed Duvessa
  4072 | D:5      | Reached skill level 10 in Fighting
  4115 | D:5      | Reached *** piety under Trog
  4392 | D:5      | Noticed Grinder
  4392 | D:5      | Paralysed by Grinder for 3 turns
  4422 | D:5      | Killed Grinder
  4423 | D:5      | Reached skill level 11 in Fighting
  4423 | D:5      | Reached XP level 9. HP: 98/105 MP: 9/9
  4453 | D:5      | Found Niafrox's Firing Range.
  4689 | D:5      | Found a hazy altar of Hepliaklqana.
  4689 | D:5      | Found a stormy altar of Qazlal.
  5268 | D:6      | Reached skill level 1 in Throwing
  5533 | D:6      | Noticed a gargoyle
  5535 | D:6      | Noticed Azoth's ghost (novice DESu)
  5675 | D:6      | Found a transporter.
  5678 | D:6      | Found a transporter.
  5715 | D:6      | Reached skill level 12 in Fighting
  6199 | D:6      | HP: 6/159 [killer bee (6)]
  6201 | D:6      | HP: 2/159 [poisoned by a killer bee]
  6201 | D:6      | Slain by a killer bee

Illustrated notes

Levels and vault maps discovered:
D:1:      minmay_arrival_stair_chambers, layout_basic
D:2:      layout_rooms, shapermc_ecumenical_altar_mp_urbaneastern, basic_altar,
          uniq_natasha
D:3:      cheibrodos_helix_gallery, layout_basic, mainiacjoe_overflow_catwalk,
          serial_shops, shop
D:4:      layout_rooms, minmay_temple_entry_offerings, serial_undead,
          serial_undead_c, serial_undead_b, serial_undead_a, serial_undead_d,
          kennysheep_cluttered_room, uniq_eustachio
D:5:      minmay_inner_zag, layout_loops_ring, nicolae_overflow_two_pavilions,
          nicolae_shop_firing_range, uniq_duvessa, uniq_grinder
D:6:      layout_gridville, gammafunk_ghost_arena
D:7:      minmay_flawed_box, layout_basic, dreamdust_wishing_well

Skill      XL: |  1  2  3  4  5  6  7  8  9 |
---------------+----------------------------+-----
Fighting       | 5 6 7 9 11 12 | 12.2
Maces & Flails | 4 5 7 8 9 |  9.5
Throwing       | 3 |  3.1
Dodging        | |  2.6

Action                     |  1- 3 |  4- 6 |  7- 9 || total
---------------------------+-------+-------+-------++-------
  Melee: Mace              |    49 |    97 |   180 ||   326
         Headbutt          |     6 |    26 |    59 ||    91
         Flail             |       |       |    35 ||    35
  Throw: Stone             |       |     3 |       ||     3
         Dart              |       |       |    18 ||    18
 Invoke: Berserk           |     1 |       |     5 ||     6
         Trog's Hand       |       |       |     2 ||     2
 Armour: Animal skin       |    22 |    77 |   169 ||   268
  Dodge: Dodged            |    19 |    59 |    99 ||   177

Table legend: (Time is in decaauts)
 A = Elapsed time spent in this place.
 B = Non-inter-level travel time spent in this place.
 C = Inter-level travel time spent in this place.
 D = Time resting spent in this place.
 E = Time spent auto-exploring this place.
 F = Levels seen in this place.
 G = Mean time per level.
                   A        B        C        D        E       F      G
               +--------+--------+--------+--------+--------+-----+--------+
         Total |   6282 |   5915 |    367 |    788 |   3885 |   7 |  897.4 |
       Dungeon |   6282 |   5915 |    367 |    788 |   3885 |   7 |  897.4 |
               +--------+--------+--------+--------+--------+-----+--------+

Top non-repeatable levels by time:
     D:5: 1577 daAuts
     D:4: 1086 daAuts
     D:6: 1079 daAuts
     D:3: 942 daAuts
     D:1: 791 daAuts
     D:2: 785 daAuts
     D:7: 19 daAuts
